 Dungeon Crawl Stone Soup version 0.18-a0-1035-g72c9994 (webtiles) character file.

11 4thArraOfDagon the Gusty (level 2, -2/20 HPs)
             Began as a Centaur Air Elementalist on Jan 9, 2016.
             Was an Initiate of Makhleb.
             Slain by a giant frog (9 damage)
             ... on level 7 of the Dungeon.
             The game lasted 00:03:21 (522 turns).

4thArraOfDagon the Gusty (Centaur Air Elementalist)  Turns: 522, Time: 00:03:21

Health: -2/20      AC:  4    Str: 10    XL:     2   Next: 13%
Magic:  1/4        EV: 15    Int: 14    God:    Makhleb [......]
Gold:   38         SH:  0    Dex: 14    Spells: 1 memorised, 3 levels left

rFire  + . .     SeeInvis .     e - +0 spear
rCold  + . .     Gourm    .     a - +0 robe
rNeg   . . .     Faith    .     (no shield)
rPois  +         Spirit   .     (no helmet)
rElec  +         Dismiss  .     (no cloak)
rCorr  +         Reflect  .     (no gloves)
SustAt .         Harm     .     (no barding)
MR     +....                    (no amulet)
Stlth  ++........               i - ring of protection from magic
                                (no ring)

@: agile, resistant, very slightly contaminated, very quick, somewhat resistant
to hostile enchantments, unstealthy
A: hooves 3, deformed body, speed 2, tough skin 3
a: Renounce Religion


You were on level 7 of the Dungeon.
You worshipped Makhleb.
Makhleb was noncommittal.
You were not hungry.

You visited 1 branch of the dungeon, and saw 7 of its levels.

You collected 38 gold pieces.

Inventory:

Hand Weapons
 e - a +0 spear (weapon)
Armour
 a - a +0 robe (worn)
Jewellery
 f - an uncursed ring of fire
 i - a ring of protection from magic (right hand)
Scrolls
 g - a scroll of blinking {unknown}
 l - a scroll of magic mapping {unknown}
Potions
 j - a potion of poison
Books
 b - a book of Air

   Spells                             Type                      Level
   a - Shock                          Conjuration/Air              1
   b - Swiftness                      Charms/Air                   2
   c - Repel Missiles                 Charms/Air                   2
   d - Static Discharge               Conjuration/Air              3
   e - Lightning Bolt                 Conjuration/Air              5
Comestibles
 c - 2 bread rations
 h - a meat ration


   Skills:
 - Level 1.3 Dodging
 - Level 1.2 Stealth
 - Level 1.5 Spellcasting
 * Level 1.6 Conjurations
 * Level 2.9 Air Magic


You had 3 spell levels left.
You knew the following spells:

 Your Spells              Type           Power        Failure   Level  Hunger
a - Shock                 Conj/Air       #...         12%         1    ##.....


Dungeon Overview and Level Annotations

Branches:
Dungeon (7/15)
 Temple: D:4-7

Altars:
Gozag
Makhleb

Annotations:
D:4 Blork the orc
D:7 Dowan, Duvessa


Innate Abilities, Weirdness & Mutations

You have hooves in place of feet.
Armour fits poorly on your strangely shaped body.
You cover ground very quickly.
You have extremely tough skin (AC +3).


Message History

The giant frog is lightly wounded.
The zap hits the giant frog.
The giant frog is lightly wounded.
The zap hits the adder.
The adder is moderately wounded.
The zap hits the adder.
The adder is heavily wounded.
The giant frog misses you.
Dowan says, "There's a certain beauty in death, don't you think?"
Unknown command.
Casting: Shock
Confirm with . or Enter, or press ? or * to list all spells.
Aiming: Shock
Press: ? - help, Shift-Dir - straight line The zap misses the giant frog.
The zap hits the giant frog.
The giant frog is moderately wounded.
The zap hits the adder.
The adder is severely wounded.
The zap misses the adder.
The giant frog hits you!
You die...

### .. ..... ...
....# #.# #..l#
#.# ### #.#.# #.#
..# #.#.+ #.# #.#
#...# #.# #.#
#...# #[#
##.###.#.###'###@#
..e....#..g.elSF.#
##S###############
e..# ##.##
#..#######$..##
#.S...........##
##.#####.......##
#.#...W........#
#W#.# #.l.....#


You could see Dowan, a giant frog, an iguana, a gnoll and an adder.

Vanquished Creatures
  A giant gecko (D:3)
  2 giant cockroaches (D:1)
  A goblin (D:2)
  A hobgoblin (D:1)
  2 bats
  2 rats (D:1)
9 creatures vanquished.

Notes
Turn   | Place    | Note
--------------------------------------------------------------
     0 | D:1      | 4thArraOfDagon the Centaur Air Elementalist began the quest for the Orb.
     0 | D:1      | Reached XP level 1. HP: 14/14 MP: 3/3
    69 | D:1      | Reached skill level 1 in Conjurations
   278 | D:3      | Reached XP level 2. HP: 5/20 MP: 0/4
   385 | D:4      | Noticed a phantom
   385 | D:4      | Noticed an ogre
   406 | D:4      | Noticed Blork the orc
   425 | D:5      | Entered Level 5 of the Dungeon
   446 | D:6      | Noticed a sky beast
   460 | D:6      | Found an opulent altar of Gozag.
   481 | D:7      | Found a burning altar of Makhleb.
   481 | D:7      | Noticed a phantom
   484 | D:7      | Noticed a giant frog
   487 | D:7      | Became a worshipper of Makhleb the Destroyer
   497 | D:7      | Noticed Dowan
   499 | D:7      | Noticed Duvessa
   522 | D:7      | Slain by a giant frog

Vault maps used:
D:1:      dpeg_arrival_brainrot
D:2:      kennysheep_big_flooded_room, serial_forest,
          infiniplex_forest_lined_ring, infiniplex_forest_end_2,
          infiniplex_forest_clump_large, infiniplex_forest_corner_1,
          infiniplex_forest_lined_2, infiniplex_forest_end_2,
          infiniplex_forest_clump_diagonal
D:3:      overflow_temple_1_default, serial_curves, eino_curves_02,
          eino_curves_03, gup_sewer_entry_bubbles
D:4:      serial_shops, shop_statue, uniq_blork_the_orc
D:5:      first_bread
D:6:      nicolae_whirlpool, nicolae_dithmenos_through_a_glass_darkly,
          grunt_pakellas_sulfur, overflow_temple_1_default,
          grunt_temple_overflow_open, minmay_temple_entry_poolview, basic_altar,
          uniq_prince_ribbit1, uniq_sigmund
D:7:      lemuel_doored_altar, basic_altar, minmay_misc_feat_rows, the_bakery,
          minmay_ruffians, uniq_duvessa

Action                   || total
-------------------------++-------
Melee: Spear             ||    17
       Unarmed           ||    10
 Cast: Shock             ||    10
  Use: Potion            ||     5
